 Dungeon Crawl Stone Soup version 0.18.1-8-gdd0e5ea (webtiles) character file.

1013 Implojin the Skirmisher (level 8, -26/68 HPs)
             Began as a Mummy Monk on May 21, 2016.
             Killed from afar by a steam dragon (31 damage)
             ... with a ball of steam
             ... on level 5 of the Dungeon.
             The game lasted 00:15:35 (8662 turns).

Implojin the Skirmisher (Mummy Monk)                Turns: 8662, Time: 00:15:36

Health: -26/68     AC:  5    Str: 14    XL:     8   Next: 1%
Magic:  8/8        EV: 13    Int: 10    God:
Gold:   228        SH:  0    Dex: 16    Spells: 0 memorised, 7 levels left

rFire  x . .     SeeInvis .       - Unarmed
rCold  + . .     Gourm    .     (no armour)
rNeg   + + +     Faith    .     (no shield)
rPois  ∞         Spirit   .     f - +0 helmet
rElec  .         Dismiss  .     p - +0 cloak
rCorr  .         Reflect  .     (no gloves)
SustAt .         Harm     .     (no boots)
MR     +....                    (no amulet)
Stlth  ++........               (no ring)
                                c - +3 ring of protection

@: somewhat resistant to hostile enchantments, unstealthy
A: no food or potions, fire vulnerability, cold resistance 1, negative energy
resistance 3, torment resistance, unbreathing
a: no special abilities


You were on level 5 of the Dungeon.
You were not hungry.

You visited 1 branch of the dungeon, and saw 5 of its levels.

You collected 228 gold pieces.

Inventory:

Armour
 f - a +0 helmet (worn)
 p - a +0 cloak (worn)
Jewellery
 b - a -6 ring of evasion
 c - a +3 ring of protection (left hand)
 d - an uncursed ring of wizardry
 e - an uncursed amulet of faith {unknown}
 i - an uncursed ring of loudness
 o - an uncursed amulet of the gourmand {unknown}
 r - an uncursed ring of see invisible {unknown}
Wands
 v - a wand of random effects (36/48)
Scrolls
 a - 2 scrolls of fear {unknown}
 g - a scroll of magic mapping {unknown}
 h - a scroll of enchant weapon {unknown}
 j - 3 scrolls of identify {unknown}
 k - a scroll of recharging {unknown}
 l - a scroll of blinking {unknown}
 m - a scroll of teleportation {unknown}
 q - a scroll of amnesia {unknown}
 t - a scroll of enchant armour {unknown}
 u - a scroll of remove curse
 w - a scroll of immolation {unknown}
 x - a scroll of fog {unknown}
Comestibles
 n - a royal jelly
 s - 2 bread rations (quivered)


   Skills:
 * Level 7.7 Fighting
 - Level 2.4 Dodging
 - Level 1.5 Stealth
 - Level 6.0 Unarmed Combat


You had 7 spell levels left.
You didn't know any spells.

Dungeon Overview and Level Annotations

Branches:
Dungeon (5/15)             Temple (0/1) D:4

Altars:
Elyvilon
Okawaru

Annotations:
D:2 Sigmund
D:5 exclusion: door


Innate Abilities, Weirdness & Mutations

You do not eat or drink.
Your flesh is vulnerable to fire.
You are immune to poison.
Your flesh is cold resistant.
You are immune to negative energy.
You are immune to unholy pain and torment.
You can survive without breathing.


Message History

You hit the worker ant zombie. You punch the worker ant zombie.
The worker ant zombie bites you.
You hit the worker ant zombie.
The worker ant zombie barely misses you.
You punch the worker ant zombie!
The worker ant zombie barely misses you.
You hit the worker ant zombie.
You destroy the worker ant zombie!
There is an open door here.
You open the door.
There is an open door here.
a - 2 scrolls labeled VIXUCH VIETT (gained 1)
There is an open door here.
There is an open door here.
w - a scroll labeled ZAPUZI MEMIMY You open the door.
There is an open door here.
You open the door.
There is an open door here.
x - a scroll labeled ZASTRE YXE GORI
There is an open door here.
The steam dragon breathes steam at you. The ball of steam hits you!
The steam scalds you terribly!
You are engulfed in a cloud of scalding steam.
* * * LOW HITPOINT WARNING * * *
The steam dragon breathes steam at you. The ball of steam hits you!
* * * LOW HITPOINT WARNING * * *
Really walk into that cloud of steam?
You are engulfed in a cloud of scalding steam.
* * * LOW HITPOINT WARNING * * *
This door is marked as excluded!
Open it anyway?
You open the door.
You are engulfed in a cloud of scalding steam.
* * * LOW HITPOINT WARNING * * *
Really walk into a travel-excluded area?
There is an open door here.
The steam dragon breathes steam at you. The ball of steam hits you!
The steam scalds you terribly!
You die...

#.....# #.....#
###.....#####.....#
....###.....###'###
.%..#...#.........#
....#...+......§..#
....#...#....D....#
....#...#.....§...#
....######...##§#################
.......###...#..@................
.......#.....#...................
...%...'.....#...................
.......#.....#......<............
.......#.....#...................
.......#.....#.................!.
.......#.....#...................
.......#.....#...................
#......##....#...................


There were no monsters in sight!

Vanquished Creatures
  Grinder (D:3)
  Edmund (D:1)
  An ogre (D:3)
  A phantom (D:4)
  A water moccasin skeleton (D:4)
  A crimson imp (D:5)
  A jelly (D:5)
  A hound (D:4)
  A centaur skeleton (D:4)
  An orc wizard (D:4)
  Jessica (D:2)
  Natasha (D:2)
  2 worker ants (D:5)
  Robin (D:2)
  A worker ant zombie (D:5)
  4 gnolls (D:3)
  5 adders
  A shadow imp (D:4)
  3 oozes
  6 worms
  2 dart slugs (D:1)
  3 giant geckos
  4 orcs
  4 giant cockroaches
  15 goblins
  6 hobgoblins
  2 jackals (D:3)
  2 quokkas
  A ball python (D:1)
  4 bats
  A giant gecko skeleton (D:4)
  A giant newt (D:3)
  10 kobolds
  9 rats
  2 butterflies (D:4)
101 creatures vanquished.

Notes
Turn   | Place    | Note
--------------------------------------------------------------
     0 | D:1      | Implojin the Mummy Monk began the quest for the Orb.
     0 | D:1      | Reached XP level 1. HP: 18/18 MP: 1/1
   271 | D:1      | Reached XP level 2. HP: 24/24 MP: 2/2
   651 | D:1      | Reached skill level 4 in Unarmed Combat
  1042 | D:1      | Reached XP level 3. HP: 27/29 MP: 3/3
  1212 | D:2      | Noticed Robin
  1734 | D:2      | Killed Robin
  2035 | D:2      | Reached XP level 4. HP: 18/35 MP: 4/4
  2218 | D:2      | Noticed Jessica
  2460 | D:2      | Killed Jessica
  2491 | D:2      | Reached skill level 5 in Unarmed Combat
  2640 | D:2      | Noticed Sigmund
  3667 | D:3      | Reached XP level 5. HP: 37/41 MP: 5/5
  4061 | D:3      | Noticed an ogre
  4270 | D:2      | Noticed Natasha
  4289 | D:2      | Killed Natasha
  4365 | D:2      | Found a white marble altar of Elyvilon.
  4798 | D:4      | Noticed a phantom
  4872 | D:4      | Reached skill level 6 in Unarmed Combat
  4918 | D:4      | Noticed a phantom
  4958 | D:4      | Killed a phantom
  4958 | D:4      | Reached XP level 6. HP: 26/48 MP: 6/6
  5179 | D:4      | Reached skill level 4 in Fighting
  5777 | D:4      | Found a staircase to the Ecumenical Temple.
  6226 | D:5      | Entered Level 5 of the Dungeon
  6287 | D:5      | Noticed a steam dragon
  6289 | D:5      | Noticed a steam dragon
  6630 | D:5      | Reached skill level 5 in Fighting
  6869 | D:5      | Reached XP level 7. HP: 55/56 MP: 7/7
  6914 | D:5      | Noticed Edmund
  7356 | D:1      | Killed Edmund
  7356 | D:1      | Reached skill level 6 in Fighting
  7958 | D:3      | Noticed Grinder
  7958 | D:3      | Paralysed by Grinder for 5 turns
  7970 | D:3      | Killed Grinder
  7970 | D:3      | Reached skill level 7 in Fighting
  8308 | D:5      | Reached XP level 8. HP: 61/68 MP: 8/8
  8388 | D:5      | Found an iron altar of Okawaru.
  8662 | D:5      | Killed from afar by a steam dragon

Skill      XL: |  1  2  3  4  5  6  7 |
---------------+----------------------+-----
Unarmed Combat | 4 5 6 |  6.0
Fighting       | 5 7 |  7.7
Dodging        | |  2.4
Stealth        | |  1.5

Action                   |  1- 3 |  4- 6 |  7- 9 || total
-------------------------+-------+-------+-------++-------
Melee: Unarmed           |   134 |   271 |    95 ||   500
       Punch             |     2 |     5 |     3 ||    10
  Use: Scroll            |       |     2 |       ||     2
 Stab: Sleeping          |     3 |     5 |     1 ||     9
Armor: Skin              |     1 |    33 |    15 ||    49
Dodge: Dodged            |    88 |   119 |    55 ||   262

Table legend:
 A = Turns spent in this place as a percentage of turns spent in the entire game.
 B = Non-inter-level travel turns spent in this place as a percentage of non-inter-level travel turns spent in the entire game.
 C = Inter-level travel turns spent in this place as a percentage of turns spent in this place.
 D = Turns resting spent in this place as a percentage of non-inter-level travel turns spent in this place.
 E = Turns spent auto-exploring this place as a percentage of non-inter-level travel turns spent in this place.
 F = Non-inter-level travel turns spent in this place divided by the number of levels of this place that you've seen.
                   A       B       C       D       E      F
               +-------+-------+-------+-------+-------+----------------------
         Total | 100.0 | 100.0 |   0.7 |   3.6 |   4.7 | 514.0
       Dungeon | 100.0 | 100.0 |   0.7 |   3.6 |   4.7 | 514.0
               +-------+-------+-------+-------+-------+----------------------

Table legend:
 A = Kills in this place as a percentage of kills in entire the game.
 B = Kills by you in this place as a percentage of kills by you in the entire game.
 C = Kills by friends in this place as a percentage of kills by friends in the entire game.
 D = Other kills in this place as a percentage of other kills in the entire game.
 E = Experience gained in this place as a percentage of experience gained in the entire game.
 F = Experience gained in this place divided by the number of levels of this place that you have seen.
                   A       B       C       D       E      F
               +-------+-------+-------+-------+-------+----------------------
         Total | 100.0 | 100.0 |  -nan |  -nan | 100.0 | 289.6
       Dungeon | 100.0 | 100.0 |  -nan |  -nan | 100.0 | 289.6
               +-------+-------+-------+-------+-------+----------------------
